[Event "Czech Championship 2022"]
[Site "Usti nad Labem"]
[Date "2022.05.17"]
[Round "4.16"]
[White "Paseka, Matyas"]
[Black "Stinka, Jakub"]
[Result "0-1"]
[ECO "B85"]
[WhiteElo "2076"]
[BlackElo "2345"]
[Annotator "TA"]
[PlyCount "80"]
[EventDate "2022.05.12"]
[EventType "swiss"]
[EventCountry "CZE"]
[SourceTitle "playchess.com"]
[Source "ChessBase"]
[SourceQuality "1"]
[TimeControl "40/5400+30:1800+30"]

1. e4 c5 2. Nf3 d6 3. d4 cxd4 4. Nxd4 Nf6 5. Nc3 e6 6. Be2 Be7 7. O-O O-O 8. Be3 a6 9. f4 Qc7 10. Bf3 {[%emt 0:04:29] 10.Kh1 is the modern continuation.} Nc6 11. Qe1 Na5 {[%emt 0:06:46] B85: Sicilian Scheveningen: 6 Be2 a6, lines with early Be3.} ({Black should play} 11... Nxd4 $11 12. Bxd4 e5) 12. Rd1 {[%emt 0:05:17] [#]} ({White should try} 12. b3 $14) 12... Rb8 $146 (12... Nc4 $11) ({Predecessor:} 12... Nc4 13. Bc1 e5 14. Nb3 b5 15. fxe5 dxe5 16. Qg3 Kh8 17. Kh1 b4 18. Nd5 Nxd5 19. exd5 Bd6 20. Qh4 a5 {½-½ (56) Altanbayar,T (2060)-Agibileg,U (2403) Ulaanbaatar 2019}) 13. Bc1 b5 {[%emt 0:08:30] The position is equal.} 14. e5 dxe5 15. fxe5 (15. Qxe5 Bd6 16. Qe1 Bc5 $15) 15... Nd7 16. Bf4 {[%emt 0:00:34] Black must now prevent Qg3.} (16. Qg3 $5 ) 16... Bb7 17. Ne4 {[%emt 0:12:04][%cal Oe4f6] aiming for Nf6+!} Nc4 18. Nd6 (18. Qg3 $15 g6 19. b3 (19. Nf6+ Bxf6 20. exf6 e5 $15) 19... Ncxe5 20. Kh1) 18... Bxf3 $1 $19 (18... Nxd6 19. exd6 Bxd6 20. Nxe6 $1 Qb6+ 21. Kh1 Bxf4 22. Nxf8 (22. Nxf4 Nf6 $11) 22... Rxf8 23. Rxd7 $18) (18... Nxb2 19. Nxb7 Rxb7 20. Rb1 $15 (20. Bxb7 Nxd1 21. Bf3 Nc3 $17)) 19. Rxf3 {[%emt 0:03:33] [#]} (19. Nxf3 $142 Nxb2 20. Rd2) 19... Ndxe5 $1 20. Bxe5 Nxe5 ({Not} 20... Bxd6 21. Bxd6 Nxd6 22. Rc3 $17) 21. Qxe5 Bxd6 (21... Qxd6 22. Qxd6 Bxd6 23. Nxe6 Bxh2+ 24. Kxh2 $15) 22. Qe4 Bc5 23. Kh1 Rbd8 {[%emt 0:01:17] And now ...e5 would win.} 24. Rfd3 Be7 (24... Bxd4 $19 25. Rxd4 {[#]} Qc4 $3 ) 25. Qc6 (25. Nc6 $17 Rxd3 26. Nxe7+ Qxe7 27. Qxd3) 25... Qc8 26. c3 Bf6 27. Qe4 (27. Qxc8 $17 Rxc8 28. Nc2) 27... Qc4 28. b3 Qc5 ({Inferior is} 28... Qd5 29. Qe2) 29. Rh3 h6 30. Rhd3 Rd5 31. h3 Qb6 32. c4 bxc4 33. bxc4 Ra5 34. Qe2 Rc5 35. R3d2 Rfc8 36. Rc2 Qc7 37. Nxe6 $2 (37. Nb3 Rxc4 38. Rxc4 Qxc4 39. Qxc4 Rxc4 40. Rc1) 37... fxe6 38. Qxe6+ Kh8 39. Rd7 (39. Re2 $142) 39... Qf4 (39... Qg3 $142 40. Rd5 Rxd5 41. Qxc8+ Rd8) 40. Rcd2 Re5 {[%emt 0:01:18] Weighted Error Value: White=0.95/Black=0.41} 0-1

[Event "Czech Championship 2022"]
[Site "Usti nad Labem"]
[Date "2022.05.17"]
[Round "4.17"]
[White "Vojta, Jakub"]
[Black "Brejnik, Gustav"]
[Result "0-1"]
[ECO "A14"]
[WhiteElo "2396"]
[BlackElo "2246"]
[Annotator "TA"]
[PlyCount "58"]
[EventDate "2022.05.12"]
[EventType "swiss"]
[EventCountry "CZE"]
[SourceTitle "playchess.com"]
[Source "ChessBase"]
[SourceQuality "1"]
[TimeControl "40/5400+30:1800+30"]

1. c4 Nf6 2. Nf3 e6 3. g3 d5 4. Bg2 Be7 5. O-O O-O 6. b3 b6 7. Bb2 c5 8. e3 Nc6 9. Nc3 Ba6 10. Qe2 {[%emt 0:05:23] A14: English Opening: 1...e6 with b3 by White.} Rc8 11. d3 Qd7 12. Rfd1 {[%emt 0:00:20] The position is equal.} Rfd8 {[%emt 0:00:00] [#]} 13. Ne1 $146 ({Predecessor:} 13. a3 h6 14. Rab1 Bb7 15. cxd5 Nxd5 16. Nxd5 Qxd5 17. Bc3 a5 18. Qb2 Bf8 19. d4 {½-½ (19) Fier,A (2551)-Kryvoruchko,Y (2680) Sharjah 2019}) 13... d4 14. Ne4 Nxe4 15. Bxe4 Bb7 16. Nc2 a5 17. exd4 Bf6 18. Rab1 cxd4 19. a3 e5 20. Qf3 Rb8 21. b4 Ne7 22. b5 Bxe4 23. Qxe4 Nc8 24. Re1 (24. f4 $11 Nd6 25. Qd5 exf4 26. Bxd4) 24... Nd6 $15 25. Qd5 (25. Qe2 $15) 25... Qf5 $19 26. Rbd1 {[%emt 0:01:41][%cal Of2f4] [#]} Nb7 (26... Rbc8 $1 $19 {[%cal Od6c4] And now ...Nxc4! would win.} 27. Ba1 g5) 27. Nxd4 $2 Qc8 28. Rxe5 ({Of course not} 28. Qc6 exd4 29. Bc1 Nc5 30. Qxc8 Rbxc8) (28. Qf3 exd4 29. Bc1) 28... Rxd5 29. Rxd5 Qf8 {[%emt 0:12:09] Weighted Error Value: White=0.43/Black=0.09 (flawless)} 0-1

[Event "Czech Championship 2022"]
[Site "Usti nad Labem"]
[Date "2022.05.17"]
[Round "4.18"]
[White "Horak, Martin"]
[Black "Babula, Vlastimil jr"]
[Result "0-1"]
[ECO "B51"]
[WhiteElo "2343"]
[BlackElo "2217"]
[Annotator "TA"]
[PlyCount "114"]
[EventDate "2022.05.12"]
[EventType "swiss"]
[EventCountry "CZE"]
[SourceTitle "playchess.com"]
[Source "ChessBase"]
[SourceQuality "1"]
[TimeControl "40/5400+30:1800+30"]

1. e4 c5 2. Nc3 Nc6 3. Bb5 Nd4 4. Nf3 Nxb5 5. Nxb5 d6 6. d4 cxd4 7. Qxd4 a6 8. Nc3 e5 9. Qd3 h6 10. Nd2 Be6 11. Nc4 Nf6 12. O-O {[%emt 0:04:28] B51: Sicilian: Moscow Variation (3 Bb5+) without 3...Bd7.} Rc8 13. Ne3 Qa5 14. Bd2 {[%emt 0:19:07] White has an edge.} Qc5 15. a4 Be7 16. Rfd1 O-O 17. Be1 Rfd8 {[%emt 0:01:11] [#]} 18. b4 $146 ({Predecessor:} 18. Kh1 Bf8 19. f3 Nh5 20. Ned5 Bxd5 21. Qxd5 Qxd5 22. Rxd5 g6 23. Rd2 f5 24. exf5 gxf5 {1-0 (43) Tiviakov,S (2651)-Kuderinov,K (2448) Kuala Lumpur 2014}) 18... Qc7 (18... Qxb4 $2 19. Ncd5 Nxd5 20. Nxd5 $18 (20. Bxb4 Nxb4 21. Qd2 d5 $16)) 19. Ncd5 Bxd5 20. exd5 Nd7 21. c3 (21. Ra3 $11) 21... Bg5 $15 22. Nf5 Nb6 (22... g6 $15 23. Ng3 f5) 23. h4 $11 Bf6 24. a5 (24. Qf3 $11) 24... Nc4 $15 25. Qf3 (25. Rdb1 $15) 25... Kh7 (25... g6 $1 $17 26. Nxh6+ Kg7) 26. Qh5 {[%emt 0:11:12] [#]} (26. h5 $11) 26... Rh8 (26... Qd7 $1 $17) 27. Ng3 (27. Qf3 $11 {remains equal.}) 27... Qe7 (27... g6 $17 28. Qe2 Bxh4) 28. Qg4 $11 g6 29. h5 Bg5 30. Rd3 (30. hxg6+ $14 fxg6 31. Ne4) 30... Bf4 (30... Nb2 $1 $11 31. Rf3 Rc4 32. hxg6+ fxg6) 31. Ne4 Rhg8 32. g3 {[%emt 0:04:09] Threatens to win with hxg6+.} f5 (32... Rc7 $11 {keeps the balance.}) 33. hxg6+ $16 Rxg6 34. Qxf5 Rf8 {[%emt 0:00:07] [#]} 35. Qh5 ({Better is} 35. Qh3 $1 $16) 35... Qf7 (35... Nb2 $1 $14 36. Rf3 Qc7) 36. Kf1 ({White should play} 36. Ra2 $16) 36... Nb2 $14 37. Rf3 {[%emt 0:00:33][%mdl 8192] This move loses the game for White.} (37. Qe2 $14 Qf5 38. Rf3 (38. gxf4 exf4 39. Rad1 Nxd3 $19)) 37... Qxd5 $19 38. Nd2 Qb5+ (38... Bxd2 $2 39. Rxf8 Bg5 40. Kg1 $18) 39. c4 Nxc4 40. Kg1 {[%emt 0:00:55] [#]} Qe8 $1 {[%emt 0:01:24][%cal Og6g3] Strongly threatening ...Rxg3+!} 41. Nf1 e4 42. Rc3 Be5 43. Rxc4 {[%emt 0:00:00] Hoping for Rac1.} Bxa1 {[%emt 0:00:10] Active counter play!} 44. Qd5 Qf7 45. Qxf7+ Rxf7 46. Rxe4 d5 47. Re8 d4 48. Rd8 Rc6 49. Bd2 Bc3 50. Kg2 Rcf6 51. f4 Rc6 52. Kf3 Rc4 53. g4 (53. Ke2 $142) 53... Rxb4 54. f5 h5 55. Rc8 (55. Bf4 $142 Rb5 56. Ng3 Bxa5 57. Rxd4 Rb3+ 58. Kg2 hxg4 59. Re4) 55... hxg4+ 56. Kxg4 d3+ 57. Kg5 Bf6+ {[%emt 0:00:08] Weighted Error Value: White=0.66/Black=0.40} 0-1

[Event "Czech Championship 2022"]
[Site "Usti nad Labem"]
[Date "2022.05.17"]
[Round "4.20"]
[White "Bartos, Jan"]
[Black "Horak, Jiri"]
[Result "1/2-1/2"]
[ECO "E09"]
[WhiteElo "2125"]
[BlackElo "2161"]
[Annotator "TA"]
[PlyCount "78"]
[EventDate "2022.05.12"]
[EventType "swiss"]
[EventCountry "CZE"]
[SourceTitle "playchess.com"]
[Source "ChessBase"]
[SourceQuality "1"]
[TimeControl "40/5400+30:1800+30"]

1. d4 d5 2. Nf3 Nf6 3. c4 e6 4. g3 c6 5. Bg2 Be7 6. O-O O-O 7. Qc2 Nbd7 8. Nbd2 b6 9. e4 dxe4 10. Nxe4 Bb7 11. Rd1 Qc8 12. Bf4 {[%emt 0:01:25] E09: Closed Catalan: Main Line: 7 Qc2 c6 8 Nbd2.} Nxe4 (12... c5 {with more complications.} 13. Nfg5 cxd4 14. Bd6 Bxe4 15. Nxe4 Bxd6 16. Nxd6 Qc5) 13. Qxe4 Nf6 14. Qe2 {[%emt 0:05:35] White is slightly better.} Re8 15. Ne5 c5 16. Bxb7 {[%emt 0:00:50] 0x0.002d0632b34fdp-1022s more active pieces.} (16. Bf3 $14 {feels stronger.}) 16... Qxb7 $11 17. dxc5 Bxc5 18. Nd3 {[%emt 0:08:14] [#]} Be7 $146 ({Predecessor:} 18... Bd4 19. Be5 Red8 20. Ne1 Bxe5 21. Qxe5 Rac8 22. Ng2 Qf3 23. Qe1 h5 24. Ne3 Ne4 {1-0 (49) Lopez Gonzalez,D (2238)-Tirado Parra,A (1935) Seville 2015}) 19. Ne5 Red8 20. Rxd8+ Rxd8 21. Rd1 Rxd1+ 22. Qxd1 h6 23. Qf3 (23. b3 {feels hotter.} b5 24. Qc2 bxc4 25. Qxc4 Nd5 26. Bd2) 23... Qxf3 24. Nxf3 {[%emt 0:00:04][%mdl 4096] Endgame KBN-KBN} Nd7 25. Kf1 Bf6 26. b3 e5 27. Be3 Be7 28. Ke2 f5 29. h4 Kf7 30. Nd2 g5 31. hxg5 hxg5 {[%emt 0:01:10] [#] Strongly threatening ...f4.} 32. f3 Bf6 33. g4 Ke6 34. gxf5+ Kxf5 35. Ne4 Be7 {[%emt 0:00:20] Against Nd6+} 36. Ng3+ Kg6 37. Kd3 Bd6 38. Ne4 Be7 39. Ng3 Bd6 {[%emt 0:00:07] Weighted Error Value: White=0.06 (flawless) /Black=0.04 (flawless)} 1/2-1/2

[Event "Czech Championship 2022"]
[Site "Usti nad Labem"]
[Date "2022.05.17"]
[Round "4.21"]
[White "Hladky, Tadeas"]
[Black "Sura, Jaroslav"]
[Result "1/2-1/2"]
[ECO "C85"]
[WhiteElo "2119"]
[BlackElo "2010"]
[Annotator "TA"]
[PlyCount "62"]
[EventDate "2022.05.12"]
[EventType "swiss"]
[EventCountry "CZE"]
[SourceTitle "playchess.com"]
[Source "ChessBase"]
[SourceQuality "1"]
[TimeControl "40/5400+30:1800+30"]

1. e4 e5 2. Nf3 Nc6 3. Bb5 a6 4. Ba4 Nf6 5. O-O Be7 6. Bxc6 dxc6 7. d3 Bg4 8. h3 {[%emt 0:00:20] 8.Nbd2 is vanishing.} Bxf3 9. Qxf3 Qd6 {[%emt 0:04:55] 9...Nd7 is becoming the main line.} 10. Nd2 {[%emt 0:00:52] C85: Closed Ruy Lopez: Deferred Exchange Variation.} Nd7 11. Nc4 Qg6 12. Bd2 {[%emt 0:04:56] [#] White is slightly better.} f6 $146 ({Predecessor:} 12... O-O 13. Ne3 Rfe8 14. Nf5 Bg5 15. Be3 c5 16. a4 a5 17. Rae1 Rad8 18. b3 b6 {1-0 (67) Colas Longares,R (2300)-Parrell Ferrer,R Valencia 1992}) 13. Qe2 Bd6 14. f4 O-O-O 15. Nxd6+ cxd6 16. Qf2 Kb8 {[%emt 0:02:00] Against Qa7+} 17. a4 f5 18. exf5 Qxf5 19. fxe5 (19. Rae1 {feels hotter.} Qg6 20. fxe5 Rhf8 21. Bf4) 19... Qxf2+ 20. Rxf2 {[%emt 0:00:10] [#] Black must now prevent Bg5.} Nxe5 21. Bc3 Rd7 22. Bxe5 dxe5 $14 {[%emt 0:00:02][%mdl 4096] Endgame KRR-KRR} 23. Re1 Re8 24. Rfe2 Rd5 25. Re4 c5 26. Rf1 {[%emt 0:07:13] Hoping for Rf7.} Re7 {[%emt 0:01:39] Against Rf7} 27. Rf8+ Kc7 28. Kf2 b5 29. Ke3 b4 {[%emt 0:01:51] [#]} (29... Rd6 $14) 30. Rh4 (30. Rc4 $1 $16) 30... h6 (30... b3 $1 $11 {keeps the balance.}) 31. b3 Rd4 {[%emt 0:04:21] Weighted Error Value: White=0.13 (very precise) /Black=0.20 (precise)} 1/2-1/2

[Event "Czech Championship 2022"]
[Site "Usti nad Labem"]
[Date "2022.05.17"]
[Round "4.22"]
[White "Sykora, Ondrej"]
[Black "Kozak, Milos"]
[Result "1/2-1/2"]
[ECO "B10"]
[WhiteElo "2092"]
[BlackElo "2114"]
[Annotator "TA"]
[PlyCount "64"]
[EventDate "2022.05.12"]
[EventType "swiss"]
[EventCountry "CZE"]
[SourceTitle "playchess.com"]
[Source "ChessBase"]
[SourceQuality "1"]
[TimeControl "40/5400+30:1800+30"]

1. e4 {[%emt 0:00:30] ChessBase II} c6 2. d3 d5 3. Nd2 e5 4. Ngf3 Bd6 5. g3 Nf6 6. Bg2 O-O 7. O-O Re8 8. Re1 Nbd7 9. c3 a5 10. d4 {[%emt 0:01:25] has lost popularity (10.a4). B10: Caro-Kann: 2 d3 and 2 c4.} exd4 11. Nxd4 {[%emt 0:00:11] The position is equal.} dxe4 (11... Ne5 {with more complications.} 12. exd5 Nxd5 13. Qc2 Bc7) 12. Nxe4 Nxe4 13. Rxe4 Rxe4 14. Bxe4 Nf6 15. Bg2 Bg4 {[%emt 0:06:45] [#]} 16. Qb3 $146 ({Predecessor:} 16. Qa4 Qb6 17. Qb3 Bc5 18. Qxb6 {½-½ (18) Huebner,R (2620)-Kharitonov,A (2490) Solingen 1991 EXT 2020 [ChessBase II]}) 16... Qc7 17. Be3 h6 18. Re1 Re8 19. a3 Nd7 20. Qc2 Nf6 21. Qc1 Kh7 22. b4 axb4 23. axb4 Qd7 24. Nb3 Be6 25. Rd1 {[%emt 0:03:32][%cal Oe3c5] Strongly threatening Bc5!} Qc7 26. Nd4 Bg4 27. Re1 Qc8 28. c4 Be5 29. Nf3 Bd6 30. Nd4 Be5 31. Nf3 Bd6 32. Nd4 Be5 {[%emt 0:00:04] A balanced but interesting game.  Weighted Error Value: White=0.07 (flawless) /Black=0.03 (flawless)} 1/2-1/2

[Event "Czech Championship 2022"]
[Site "Usti nad Labem"]
[Date "2022.05.17"]
[Round "4.23"]
[White "Jirasko, Miroslav"]
[Black "Ret, Adam Josef"]
[Result "1/2-1/2"]
[ECO "B28"]
[WhiteElo "2091"]
[BlackElo "2093"]
[Annotator "TA"]
[PlyCount "73"]
[EventDate "2022.05.12"]
[EventType "swiss"]
[EventCountry "CZE"]
[SourceTitle "playchess.com"]
[Source "ChessBase"]
[SourceQuality "1"]
[TimeControl "40/5400+30:1800+30"]

1. e4 c5 2. Nf3 e6 3. d4 cxd4 4. Nxd4 a6 5. c4 Nc6 6. a3 {[%emt 0:04:30] B28: Sicilian: 2 Nf3 a6 (O'Kelly Variation).} (6. Nc3 $14) 6... Bc5 $11 {[%emt 0:01:54] [#]} 7. Nc2 $146 ({Predecessor:} 7. Nb3 Be7 8. Nc3 d6 9. Be3 Nf6 10. Be2 O-O 11. O-O e5 12. Bg5 h6 13. Bxf6 Bxf6 {1-0 (38) Mansour,H (1385)-Sharda,V Tornelo INT 2021}) 7... Qh4 {[%emt 0:17:03][%csl Gc5][%cal Rh4f2] [#]} (7... Qf6 8. Qf3 Qxf3 9. gxf3 f5) 8. Qf3 {[%emt 0:25:51] White is slightly better.} Nf6 9. Nc3 O-O (9... Nd4 10. Nxd4 Bxd4) 10. h3 (10. g3 $14 Qg4 11. Qxg4 Nxg4 12. h3) 10... Nd4 $132 {[%emt 0:02:18][%mdl 2048] Black is fighting back} (10... d5 $5 11. g3 dxe4 $11) 11. Nxd4 Bxd4 12. Bd3 Qh5 (12... d5 $11) 13. Qxh5 $14 Nxh5 14. Ne2 Bc5 (14... Ba7) 15. e5 g6 16. g4 Ng7 17. b4 Be7 18. Bb2 f6 19. f4 d6 (19... b6 $14) 20. O-O (20. exd6 $16 Bxd6 21. Be4 (21. c5 Bc7 $16)) 20... dxe5 $11 21. fxe5 f5 22. c5 Bd7 23. Nd4 Bg5 24. Bc1 {[%emt 0:01:16] Prevents Be3+.} Be7 (24... Bh4 $14) 25. Bc4 (25. Bh6 $142) 25... fxg4 $16 26. hxg4 Rxf1+ 27. Bxf1 h5 28. gxh5 gxh5 (28... a5 $14) 29. Bg2 Rb8 30. Be3 Nf5 31. Nxf5 exf5 32. Bd5+ Kh7 {[%emt 0:00:29] [#]} 33. Kf2 {[%emt 0:00:23] White is more active.} ({White should play} 33. Rd1 $1 $16) 33... Bc6 $11 {[%emt 0:02:08] The position is equal.} 34. Bf7 Bh4+ 35. Ke2 {[%emt 0:01:07] Hoping for Rg1.} Bg3 {[%emt 0:00:10] aiming for ...f4.} 36. Bxh5 Bxe5 37. Rd1 {[%emt 0:00:46] Weighted Error Value: White=0.25 (precise) /Black=0.24 (precise)} 1/2-1/2

[Event "Czech Championship 2022"]
[Site "Usti nad Labem"]
[Date "2022.05.17"]
[Round "4.24"]
[White "Pokrupa, Marek"]
[Black "Paulus, Vaclav"]
[Result "1-0"]
[ECO "A26"]
[WhiteElo "2117"]
[BlackElo "2093"]
[Annotator "TA"]
[PlyCount "53"]
[EventDate "2022.05.12"]
[EventType "swiss"]
[EventCountry "CZE"]
[SourceTitle "playchess.com"]
[Source "ChessBase"]
[SourceQuality "1"]
[TimeControl "40/5400+30:1800+30"]

1. c4 g6 2. g3 Bg7 3. Bg2 d6 4. Nc3 e5 5. Nf3 Nc6 6. d3 f5 7. O-O Nf6 8. Nd5 h6 {[%emt 0:05:19] A26: English Opening vs King's Indian with ...Nc6 and d3.} 9. Bd2 Nxd5 10. cxd5 Ne7 {[%emt 0:00:04] The position is equal.} 11. Qb3 O-O 12. Rac1 Kh7 {[%emt 0:02:14] [#]} 13. Qc4 $146 ({Predecessor:} 13. Ba5 b6 14. Bd2 Bb7 15. e4 Qd7 16. Rc2 c5 17. dxc6 Bxc6 18. exf5 gxf5 19. Rfc1 {0-1 (33) Schrodt,S (2002)-Gallagher,D (2153) Helsingor 2019}) 13... c6 14. dxc6 bxc6 {[%emt 0:00:15] [#]} (14... Nxc6 $5 15. Bc3 Qe7 $11) 15. Qh4 {[%emt 0:05:26] [#]} (15. Bg5 $1 $11) 15... Rb8 $2 (15... f4 $1 $17 {stays on course. ...Bf6 is the strong threat.} 16. Ng5+ (16. gxf4 Bf6 $17) 16... Kg8) 16. Bg5 $36 {[%emt 0:07:49][%mdl 2048] Prevents Bf6. Black is under strong pressure. White is more active.} Re8 17. Rxc6 Qd7 18. Rc2 {[%emt 0:21:40] Hoping for Rfc1.} f4 ({Black should try} 18... e4 $1 $14) 19. g4 (19. gxf4 $18 {Strongly threatening e4.} Nf5 20. Qh3) 19... Nd5 $2 {[%emt 0:09:56] [#]} (19... Kg8 $16 {was worth a try.}) 20. Bxh6 $1 $18 Bxh6 21. g5 {[%emt 0:00:33][%mdl 64] Pin} Ne7 (21... Kh8 $142 22. Qxh6+ Qh7 23. Qxh7+ Kxh7) 22. Qxh6+ ({Not} 22. gxh6 Nf5 23. Qg5 (23. Ng5+ Kh8 $11) 23... Bb7 $16) 22... Kg8 23. Nh4 Qe6 {[%emt 0:02:03] [#]} (23... Bb7 $18 24. Nxg6 Bxg2 25. Kxg2 Nxg6 26. Qxg6+ Kh8) 24. Nxg6 $1 Nxg6 {[%emt 0:03:40] [#]} 25. Bd5 $1 {[%emt 0:00:20][%cal Oc2c7][%mdl 576] Intending Rc7! and mate. Deflection} Qxd5 (25... Kf7 26. Qh7+) 26. Qxg6+ Kf8 27. Rc7 {[%emt 0:03:56] Weighted Error Value: White=0.20 (precise) /Black=1.32} 1-0

[Event "Czech Championship 2022"]
[Site "Usti nad Labem"]
[Date "2022.05.18"]
[Round "5.1"]
[White "Hracek, Zbynek"]
[Black "Plat, Vojtech"]
[Result "1/2-1/2"]
[ECO "C41"]
[WhiteElo "2570"]
[BlackElo "2547"]
[Annotator "TA"]
[PlyCount "72"]
[EventDate "2022.05.12"]
[EventType "swiss"]
[EventCountry "CZE"]
[SourceTitle "playchess.com"]
[Source "ChessBase"]
[SourceQuality "1"]
[TimeControl "40/5400+30:1800+30"]

1. e4 d6 2. d4 Nf6 3. Nc3 e5 4. Nf3 Nbd7 5. Bc4 Be7 6. a4 O-O 7. O-O a5 8. Re1 c6 {[%emt 0:00:04] 8...b6 is not played anymore.} 9. h3 Nb6 $1 {[%emt 0:00:05] 9...Nb6 scores better than 9...exd4. C41: Philidor Defence.} 10. Bf1 Nfd7 11. Be3 {[%emt 0:02:43] White is more active.} exd4 {[%emt 0:00:15] White is slightly better.} 12. Bxd4 Re8 13. Qd2 {[%emt 0:07:56] [#]} Ne5 $146 ({Predecessor:} 13... Nc5 14. b3 Qc7 15. Rad1 h6 16. Qe3 Nbd7 17. Bc4 Ne6 18. Ne2 Ne5 19. Nxe5 dxe5 {½-½ (53) Zhigalko,S (2572)-Yeletsky,I (2460) Chess.com INT 2021}) 14. Qe3 Nbc4 15. Bxc4 Nxc4 16. Qe2 Be6 17. b3 Nb6 18. Rad1 Nd7 19. Qd2 Nf8 20. Be3 (20. Ne2 {is interesting.} d5 21. Nf4 Bb4 22. c3) 20... Ng6 21. Nd4 Bd7 22. Nf3 (22. Nce2 $14) 22... Bf8 23. Qd3 Nh4 24. Bf4 {[%emt 0:07:38] next Nxh4 is good for White.} Nxf3+ (24... Qf6 $5 25. Ne2 (25. Bxd6 Nxf3+ 26. Qxf3 Qxf3 $11) 25... d5 $11) 25. Qxf3 Re6 26. Ne2 Qh4 27. Bg3 Qxe4 28. Qxe4 Rxe4 29. Bxd6 Bf5 30. Bxf8 Kxf8 31. Rd2 b5 32. Ra1 Re7 33. f3 b4 34. Kf2 c5 35. g4 Bd7 36. Nf4 {[%emt 0:01:34] [#] Hoping for Nd5.} Be8 {[%emt 0:01:29] Weighted Error Value: White=0.09 (flawless) /Black=0.10 (very precise)} 1/2-1/2

[Event "Czech Championship 2022"]
[Site "Usti nad Labem"]
[Date "2022.05.18"]
[Round "5.2"]
[White "Stalmach, Richard"]
[Black "Zwardon, Vojtech"]
[Result "0-1"]
[ECO "E35"]
[WhiteElo "2350"]
[BlackElo "2482"]
[Annotator "TA"]
[PlyCount "100"]
[EventDate "2022.05.12"]
[EventType "swiss"]
[EventCountry "CZE"]
[SourceTitle "playchess.com"]
[Source "ChessBase"]
[SourceQuality "1"]
[TimeControl "40/5400+30:1800+30"]

1. d4 Nf6 2. c4 e6 3. Nc3 Bb4 4. Qc2 d5 5. cxd5 exd5 6. Bg5 h6 7. Bh4 c5 8. dxc5 g5 9. Bg3 Ne4 10. e3 {[%emt 0:00:41] E35: Nimzo-Indian: Classical: 4...d5 5 cxd5 exd5.} Qa5 11. Rc1 (11. Nge2 $1 $14) 11... Qxa2 $11 {[%emt 0:06:15] 11...Nc6 is more advanced technology.} ({Much less strong is} 11... Qxc5 12. Bd3 $14) 12. Bb5+ {[%emt 0:00:13] The position is equal.} Nc6 (12... Bd7 $11 {keeps the balance.} 13. Bxd7+ Nxd7) 13. Nge2 $16 {[%emt 0:04:13] Strongly threatening 0-0.} Bf5 $2 (13... Qa5 $16 14. O-O Bxc3 15. Nxc3 Nxc3 16. Qxc3 Qxc3 17. Rxc3 O-O) 14. O-O $18 Qa5 15. Nxe4 Bxe4 16. Bd3 Bxd3 17. Qxd3 Bxc5 18. Qxd5 {[%emt 0:06:18] [#]} Be7 $146 ({Predecessor:} 18... Bb6 19. Qe4+ Kf8 20. Nc3 Re8 21. b4 Qa3 22. Bd6+ Kg7 23. Qc4 Qb2 24. b5 Na5 {0-1 (50) Villegas,P (2397)-Pacher,M (2452) Budapest 2018}) 19. Qe4 ({White should play} 19. Qxa5 $16 Nxa5 20. Nd4) 19... Rd8 $1 $14 20. Nd4 Nxd4 21. exd4 Qd5 22. Qe2 {[%emt 0:17:59] And now Rfe1 would win.} Kf8 23. Be5 f6 $1 24. Bc7 Rd7 25. h4 Kg7 26. h5 Rc8 (26... Qxd4 $2 27. Rfd1 Qa4 28. b3 Rxd1+ 29. Rxd1 Qxb3 30. Rd7 $18) 27. Bg3 Rxc1 28. Rxc1 Qxd4 29. Qc2 Qd3 {[%emt 0:00:32] Against Qg6+} 30. Qc8 (30. Qxd3 $1 $11 Rxd3 31. Rc7) 30... Bd8 $17 {[%emt 0:01:53] Black converts the advantage convincingly.} 31. Kh2 Qd5 32. Re1 a5 33. Qc2 {[%emt 0:00:28] [#]} (33. Bb8 $17) 33... Qf7 $1 $19 34. Kg1 Qxh5 35. Qf5 Qf7 36. Qg4 h5 37. Qa4 Rd5 38. Re8 $2 (38. f4) 38... h4 39. Bb8 b5 40. Qe4 a4 {[%emt 0:00:20][%cal Ob5b4] aiming for ...b4!} 41. f4 Qb7 42. Kh2 {[%emt 0:08:21][%cal Oe8d8] [#]} Qd7 43. Re6 g4 {[%emt 0:00:00] Threatens to win with ...Rd1.} 44. Qe2 Kf7 45. f5 Bc7+ 46. Bxc7 Qxc7+ 47. Kh1 Rxf5 48. Re4 Rc5 49. Rd4 Rc1+ 50. Rd1 Qc2 {[%emt 0:00:00] Weighted Error Value: White=0.60/Black=0.23 (precise)} 0-1